AoeStats
← Winter Dragon

Lombardia

507792881Analyzed
2v2 RM · 12d ago on Sep 19, 2026· 78m 32s· 4 players
Game mode
Random Map
Map size
Medium (4 player)
Population
200
Speed
Normal
Resources
Standard
Victory
Conquest
Starting age
Dark Age
Ending age
Imperial Age
RankedLock teamsTeams togetherTeam positionsShared explorationLock speedFull tech treeHidden civsTurbo modeCheats
Victory
Defeat
🇧🇷 Britons · Brazil
1132
+15
🇹🇷 Franks · Türkiye
1083
+16
🇧🇷 Berbers · Brazil
1113
-16
🇧🇷 Spanish · Brazil
1092
-15
King Nikovsk II
12:22 Feudal Age
10:42 Loom
13:03 Double-Bit Axe
15:16 Horse Collar
17:56 Castle Age
19:08 Scale Barding Armor
19:32 Gold Mining
22:05 Chain Barding Armor
25:05 Bloodlines
24:55 Husbandry
27:02 Forging
28:11 Heavy Plow
28:38 Bow Saw
30:39 Iron Casting
36:18 Wheelbarrow
36:36 Gold Shaft Mining
40:45 Fletching
49:09 Hand Cart
48:41 Town Watch
52:19 Imperial Age
53:44 Plate Barding Armor
52:31 Cavalier
54:13 Blast Furnace
53:31 Heavy Camel Rider
62:33 Bodkin Arrow
62:39 Padded Archer Armor
62:03 Elite Skirmisher
64:21 Caravan
65:05 Town Watch
66:31 Bracer
66:46 Leather Archer Armor
68:00 Hoardings
73:02 Ballistics
72:57 Masonry
74:23 Chemistry
74:22 Light Cavalry
Winter Dragon
9:35 Loom
12:05 Feudal Age
16:24 Castle Age
15:22 Double-Bit Axe
15:35 Horse Collar
20:22 Bow Saw
22:51 Padded Archer Armor
25:07 Heavy Plow
26:01 Bloodlines
26:10 Gold Mining
26:12 Stone Mining
26:48 Town Watch
30:24 Stone Shaft Mining
31:04 Husbandry
31:40 Fletching
31:57 Scale Barding Armor
32:07 Leather Archer Armor
32:35 Bodkin Arrow
34:47 Wheelbarrow
39:32 Imperial Age
38:39 Chain Barding Armor
38:30 Forging
42:59 Capped Ram
44:39 Hoardings
44:59 Conscription
45:03 Elite Conquistador
45:32 Onager
49:47 Elite Skirmisher
55:13 Hand Cart
54:58 Town Patrol
55:36 Ballistics
56:17 Chemistry
55:28 Masonry
55:13 Murder Holes
55:51 Thumb Ring
58:58 Bracer
59:29 Ring Archer Armor
58:42 Cavalier
60:31 Caravan
62:50 Supremacy
68:30 Plate Barding Armor
68:44 Iron Casting
68:11 Light Cavalry
71:23 Hussar
74:43 Bombard Tower
rodsra
8:38 Loom
11:11 Feudal Age
12:29 Double-Bit Axe
19:03 Castle Age
17:07 Padded Archer Armor
18:45 Gold Mining
19:45 Crossbowman
20:31 Fletching
22:13 Wheelbarrow
22:54 Leather Archer Armor
23:21 Ballistics
23:57 Town Watch
24:57 Gold Shaft Mining
25:09 Pikeman
26:59 Hand Cart
28:15 Bodkin Arrow
29:06 Bow Saw
34:21 Stone Mining
37:38 Squires
42:21 Imperial Age
42:26 Arbalester
43:08 Bracer
43:39 Ring Archer Armor
44:15 Yeomen
44:16 Conscription
47:42 Chemistry
46:54 Masonry
46:43 Halberdier
47:23 Horse Collar
48:44 Two-Man Saw
51:17 Scale Mail Armor
51:26 Scale Barding Armor
53:44 Husbandry
53:05 Light Cavalry
54:49 Chain Barding Armor
54:40 Forging
63:11 Treadmill Crane
64:02 Architecture
63:37 Siege Engineers
68:28 Caravan
71:02 Plate Barding Armor
71:43 Capped Ram
ME_KA-19
5:15 Loom
9:46 Feudal Age
10:25 Double-Bit Axe
12:00 Wheelbarrow
17:06 Gold Mining
20:46 Castle Age
18:40 Stone Mining
21:34 Husbandry
22:00 Bow Saw
25:24 Hand Cart
26:03 Gold Shaft Mining
26:54 Forging
26:51 Scale Barding Armor
31:49 Iron Casting
31:35 Chain Barding Armor
31:06 Fletching
35:28 Imperial Age
35:04 Elite Skirmisher
37:10 Elite Throwing Axeman
40:14 Cavalier
44:49 Padded Archer Armor
48:54 Caravan
48:28 Paladin
56:10 Blast Furnace
55:46 Plate Barding Armor
55:07 Bodkin Arrow
63:42 Chemistry
63:02 Ballistics
65:08 Leather Archer Armor
Connection lost

Rejoining the realm…

Still unreachable

The connection could not be restored.

Session expired

The server has moved on; the page needs a fresh start.